 Dungeon Crawl Stone Soup version 0.21.1-1-g345015fe64 (webtiles) character file.

8675 Lokiki the Cleaver (level 11, -4/81 HPs)
             Began as a Demonspawn Gladiator on July 22, 2018.
             Was a Priest of Qazlal.
             Slain by a white ugly thing (22 damage)
             ... on level 11 of the Dungeon.
             The game lasted 00:26:00 (8137 turns).

Lokiki the Cleaver (Demonspawn Gladiator)           Turns: 8137, Time: 00:26:01

Health: -4/81      AC: 27    Str: 23    XL:     11   Next: 13%
Magic:  18/18      EV: 10    Int:  9    God:    Qazlal [***...]
Gold:   214        SH:  4    Dex: 20    Spells: 10/10 levels left

rFire    . . .     SeeInvis +   o - +2 glaive (flame)
rCold    . . .     Gourm    .   (shield currently unavailable)
rNeg     . . .     Faith    .   I - +7 plate armour {ponderous}
rPois    +         Spirit   .   x - +2 helmet {SInv}
rElec    .         Reflect  .   v - +1 cloak
rCorr    .         Harm     +   (no gloves)
MR       .....                  (no boots)
Stlth    ..........             G - amulet of harm
HPRegen  0.23/turn              m - +5 ring of dexterity
MPRegen  0.16/turn              D - ring of poison resistance

@: mighty, slow
A: talons 2, thin metallic scales 2, demonic guardian 1, powered by death 3
a: Upheaval, Elemental Force, Renounce Religion


You were on level 11 of the Dungeon.
You worshipped Qazlal.
Qazlal was most pleased with you.
You were not hungry.

You visited 1 branch of the dungeon, and saw 11 of its levels.

You collected 461 gold pieces.
You spent 247 gold pieces at shops.

Inventory:

Hand Weapons
 o - a +2 glaive of flaming (weapon)
 J - a +9 halberd of freezing
Missiles
 d - 3 throwing nets (quivered)
Armour
 v - a +1 cloak (worn)
 x - a +2 helmet of see invisible (worn)
 C - a +0 buckler
 I - a +7 plate armour of ponderousness (worn)
Jewellery
 a - an uncursed ring of positive energy
 b - a +3 ring of intelligence
 k - an uncursed ring of fire
 m - a +5 ring of dexterity (left hand)
 D - a ring of poison resistance (right hand)
 G - an amulet of harm (around neck)
 N - an uncursed ring of resist corrosion
Wands
 u - a wand of digging (11)
 B - a wand of disintegration (15)
 H - a wand of iceblast (10)
Scrolls
 g - 6 scrolls of remove curse
 j - 7 scrolls of amnesia
 n - a scroll of magic mapping {unknown}
 q - 5 scrolls of teleportation
Potions
 c - 2 potions of resistance {unknown}
 e - a potion of might
 h - 2 potions of invisibility {unknown}
 i - 3 potions of cancellation
 l - 2 potions of berserk rage {unknown}
 s - 3 potions of brilliance
 t - 2 potions of mutation
 w - 2 potions of flight
 z - 3 potions of curing
 E - a potion of heal wounds
 F - 3 potions of lignification
 M - 2 potions of haste {unknown}
Miscellaneous
 p - a lamp of fire
 r - a phantom mirror
Comestibles
 f - 24 rations


   Skills:
 + Level 6.2 Fighting
   Level 9.6(10.2) Axes
 + Level 5.5(8.3) Polearms
 + Level 1.8 Throwing
 + Level 5.4 Armour
 + Level 5.3 Dodging
 - Level 0.8 Stealth
 + Level 2.5 Shields
 * Level 9.5 Invocations


You had 10 spell levels left.
You didn't know any spells.

Dungeon Overview and Level Annotations

Branches:
Dungeon (11/15)            Temple (0/1) D:6            Lair (0/6) D:9
    Orc: D:9-12

Altars:
Ashenzari
Cheibriados
Elyvilon
Fedhas
Gozag
Hepliaklqana
Kikubaaqudgha
Qazlal
Ru
Vehumet
Wu Jian
Xom
Yredelemnul
Zin

Shops:
D:7 [


Innate Abilities, Weirdness & Mutations

You have razor-sharp toenails.
You are mostly covered in thin metallic scales. (AC +3)
A weak demonic guardian rushes to your aid.
You regenerate a lot of health from kills.


Message History

The white ugly thing punches you but does no damage.
Your white imp gestures at the white ugly thing.
The puff of frost hits the white ugly thing.
The white ugly thing resists.
There is an open door here.
The white ugly thing punches you.
* * * LOW HITPOINT WARNING * * *
The white ugly thing freezes you!
* * * LOW HITPOINT WARNING * * *
You feel much better.
Your white imp hits the white ugly thing.
Your white imp freezes the white ugly thing.
The white ugly thing resists.
The white ugly thing punches you but does no damage.
You feel very mighty all of a sudden.
Your white imp hits the white ugly thing but does no damage.
The white ugly thing punches you!
* * * LOW HITPOINT WARNING * * *
The white ugly thing freezes you!!
You die...

######## #......#
#......# ###########
#......# #.........#
+......# #.........#
#......# #.........#
#......### #.........#
#......'.####.........#
#......#5u@.'.........+
#......######.......<.#
##....## #######+###
####.. .... ......
....... #..(.....
+........#


You could see a white ugly thing and a friendly white imp.

Vanquished Creatures
  The ghost of RobertB the Cleaver, a novice HuFi of the Shining One (D:9)
  2 unseen horrors
  Pikel (D:6)
  The ghost of Gunterle the Slasher, a novice FoAK of Lugonu (D:5)
  2 wyverns (D:10)
  Eustachio (D:4)
  A human (D:10)
  2 hungry ghosts
  Duvessa (D:6)
  2 orc warriors
  3 slaves (D:6)
  An eye of draining (D:10)
  2 sky beasts
  3 ice beasts
  A phantom (D:6)
  7 ogres
  2 centaurs
  4 bullfrogs
  Dowan (D:6)
  6 scorpions
  A water moccasin skeleton (D:9)
  12 wights
  5 howler monkeys
  3 crimson imps
  4 centaur zombies
  2 quasits
  Crazy Yiuf (D:3)
  7 hounds
  3 orc priests
  4 jellies
  A centaur skeleton (D:8)
  A bullfrog skeleton (D:10)
  3 orc wizards
  3 bullfrog zombies
  An iron imp (D:8)
  3 iguanas
  Natasha (D:3)
  7 worker ants
  2 killer bee zombies
  3 worker ant zombies
  Robin (D:4)
  15 adders
  3 shadow imps
  2 oozes
  3 adder skeletons
  3 worms (D:2)
  A dart slug (D:2)
  5 leopard geckos
  20 orcs
  2 ball pythons (D:2)
  3 giant cockroaches
  15 goblins
  3 hobgoblins
  2 jackals (D:1)
  2 quokkas
  10 bats
  5 frilled lizards
  7 kobolds
  2 leopard gecko skeletons (D:4)
  9 rats
224 creatures vanquished.

Vanquished Creatures (collateral kills)
  A hippogriff (D:7)
  Sigmund (D:4)
  Edmund (D:4)
  3 ogres
  A phantom (D:6)
  An orc priest (D:3)
  Natasha (D:3)
  2 orcs (D:3)
  4 goblins (D:4)
  4 hobgoblins
19 creatures vanquished.

Vanquished Creatures (others)
  A slave (D:6)
  3 fungi (D:8)
4 creatures vanquished.

Grand Total: 247 creatures vanquished

Notes
Turn   | Place    | Note
-------+----------+-------------------------------------------
     0 | D:1      | Lokiki the Demonspawn Gladiator began the quest for the Orb.
     0 | D:1      | Reached XP level 1. HP: 16/16 MP: 1/1
   194 | D:1      | Gained mutation: You regenerate a little health from kills. [demonic ancestry]
   194 | D:1      | Reached XP level 2. HP: 9/22 MP: 2/2
  1170 | D:2      | Gained mutation: A weak demonic guardian rushes to your aid. [demonic ancestry]
  1170 | D:2      | Reached XP level 3. HP: 25/27 MP: 3/3
  1570 | D:2      | Found a shattered altar of Ashenzari.
  1577 | D:2      | Gained mutation: You have sharp toenails. [demonic ancestry]
  1577 | D:2      | Reached XP level 4. HP: 17/34 MP: 4/4
  1966 | D:2      | Found a glowing silver altar of Zin.
  1967 | D:2      | Found an opulent altar of Gozag.
  2031 | D:2      | Found an ornate altar of the Wu Jian Council.
  2037 | D:2      | Reached skill level 1 in Armour
  2442 | D:3      | Found a blossoming altar of Fedhas.
  2559 | D:3      | Gained mutation: You have razor-sharp toenails. [demonic ancestry]
  2559 | D:3      | Reached XP level 5. HP: 32/39 MP: 5/5
  2648 | D:3      | Found a runed door.
  2652 | D:3      | Noticed Crazy Yiuf
  2659 | D:3      | Killed Crazy Yiuf
  2847 | D:3      | Noticed Natasha
  2858 | D:3      | Killed Natasha
  2994 | D:3      | Noticed Natasha
  3006 | D:3      | Killed Natasha
  3006 | D:3      | Reached skill level 5 in Axes
  3006 | D:3      | Gained mutation: You regenerate health from kills. [demonic ancestry]
  3006 | D:3      | Reached XP level 6. HP: 36/47 MP: 6/6
  3040 | D:4      | Found a stormy altar of Qazlal.
  3048 | D:4      | Became a worshipper of Qazlal Stormbringer
  3072 | D:4      | Noticed Edmund
  3080 | D:4      | Killed Edmund
  3080 | D:4      | Reached skill level 1 in Invocations
  3167 | D:4      | Noticed Eustachio
  3189 | D:4      | Killed Eustachio
  3189 | D:4      | Gained mutation: You regenerate a lot of health from kills. [demonic ancestry]
  3189 | D:4      | Reached XP level 7. HP: 50/52 MP: 8/8
  3310 | D:4      | Found a radiant altar of Vehumet.
  3427 | D:4      | Noticed Sigmund
  3435 | D:4      | Killed Sigmund
  3439 | D:4      | Noticed Robin
  3447 | D:4      | Reached * piety under Qazlal
  3451 | D:4      | Killed Robin
  3506 | D:4      | Found a sacrificial altar of Ru.
  3841 | D:5      | Entered Level 5 of the Dungeon
  3855 | D:5      | Noticed Gunterle's ghost (novice FoAK)
  3868 | D:5      | Killed Gunterle's ghost
  3868 | D:5      | Reached XP level 8. HP: 52/60 MP: 9/11
  3962 | D:5      | Found a white marble altar of Elyvilon.
  4075 | D:5      | Reached skill level 5 in Invocations
  4402 | D:6      | Noticed Pikel
  4426 | D:6      | Killed Pikel
  4426 | D:6      | Reached XP level 9. HP: 26/66 MP: 13/13
  4492 | D:6      | Noticed Duvessa
  4502 | D:6      | Noticed Dowan
  4508 | D:6      | Reached skill level 1 in Shields
  4511 | D:6      | Killed Duvessa
  4538 | D:6      | Reached ** piety under Qazlal
  4556 | D:6      | Killed Dowan
  4562 | D:6      | Reached skill level 5 in Fighting
  4611 | D:6      | Found a staircase to the Ecumenical Temple.
  5087 | D:7      | Found a basalt altar of Yredelemnul.
  5343 | D:7      | Found Dofunur's Antique Armour Shoppe.
  5405 | D:7      | Bought a runed helmet for 247 gold pieces
  5466 | D:7      | Reached skill level 5 in Dodging
  5466 | D:7      | Gained mutation: You are partially covered in thin metallic scales. (AC +2) [demonic ancestry]
  5466 | D:7      | Reached XP level 10. HP: 59/74 MP: 15/15
  5720 | D:8      | Found a shimmering altar of Xom.
  5790 | D:8      | Reached *** piety under Qazlal
  6097 | D:8      | Found an ancient bone altar of Kikubaaqudgha.
  6132 | D:8      | Found a snail-covered altar of Cheibriados.
  6273 | D:8      | Found the +7 Singing Sword
  6472 | D:8      | Reached skill level 1 in Polearms
  6660 | D:9      | Got a faintly glowing short sword
  6661 | D:9      | Identified the cursed +1 short sword "Zyoxkad" {pierce, rN+ MP+9 SInv} (You found it on level 9 of the Dungeon)
  6725 | D:9      | Found a hazy altar of Hepliaklqana.
  6870 | D:9      | Noticed RobertB's ghost (novice HuFi)
  6873 | D:9      | Killed RobertB's ghost
  6873 | D:9      | Reached skill level 5 in Armour
  7036 | D:9      | Found a staircase to the Lair.
  7417 | D:10     | Entered Level 10 of the Dungeon
  7521 | D:10     | Reached **** piety under Qazlal
  7538 | D:10     | Noticed an unseen horror
  7541 | D:10     | Killed an unseen horror
  7629 | D:10     | Gained mutation: You are mostly covered in thin metallic scales. (AC +3) [demonic ancestry]
  7629 | D:10     | Reached XP level 11. HP: 80/81 MP: 16/18
  7631 | D:10     | Reached skill level 5 in Polearms
  8101 | D:11     | Noticed an unseen horror
  8104 | D:11     | Killed an unseen horror
  8126 | D:11     | Noticed a white ugly thing
  8135 | D:11     | HP: 4/81 [white ugly thing (15)]
  8137 | D:11     | Slain by a white ugly thing

Skill      XL: |  1  2  3  4  5  6  7  8  9 10 11 |
---------------+----------------------------------+-----
Axes           | 3 4 5 7 8 9 |  9.6
Dodging        | 3 4 5 |  5.3
Armour         | 1 2 3 4 5 |  5.4
Fighting       | 3 4 5 6 |  6.2
Invocations    | 2 4 5 7 9 |  9.5
Shields        | 2 |  2.5
Polearms       | 4 5 |  5.5
Throwing       | |  1.8
Stealth        | |  0.8

Action                   |  1- 3 |  4- 6 |  7- 9 | 10-12 || total
-------------------------+-------+-------+-------+-------++-------
Melee: War axe           |   122 |   137 |   279 |    76 ||   614
       Kick              |       |    14 |   100 |    48 ||   162
       Halberd           |       |       |       |   112 ||   112
       Glaive            |       |       |       |     1 ||     1
Invok: Upheaval          |       |       |     1 |       ||     1
  Use: Potion            |       |     3 |       |     3 ||     6
       Scroll            |       |     5 |     1 |    14 ||    20
 Stab: Sleeping          |     1 |     3 |       |       ||     4
       Distracted        |       |     1 |     5 |     1 ||     7
  Eat: Chunk             |     2 |     6 |     7 |     7 ||    22
       Ration            |       |       |       |     2 ||     2
Armor: Leather armour    |    43 |    28 |       |       ||    71
       Ring mail         |       |     6 |   110 |    17 ||   133
       Plate armour      |       |       |       |    52 ||    52
Dodge: Dodged            |    84 |   104 |   167 |    64 ||   419
       Deflected         |       |       |       |     2 ||     2
Block: Buckler           |       |       |    74 |    26 ||   100
       Other             |       |       |     1 |     9 ||    10
